 Dungeon Crawl Stone Soup version 0.31-a0-152-g6aa68a64a1 (webtiles) character file.

Game seed: 14925041446788723318

33 qw the Shooter (level 3, -1/32 HPs)
             Began as a Naga Hunter on June 10, 2023.
             Slain by a gnoll
             ... wielding a +0 halberd
              (6 damage)
             ... on level 2 of the Dungeon.
             The game lasted 00:00:18 (865 turns).

qw the Shooter (Naga Hunter)                         Turns: 865, Time: 00:00:18

Health: -1/32      AC:  3    Str: 13    XL:     3   Next: 29%
Magic:  3/3        EV:  9    Int:  9    God:
Gold:   72         SH:  0    Dex: 16    Spells: 2/2 levels left

rFire   . . .        Y - +0 shortbow
rCold   . . .        (shield currently unavailable)
rNeg    . . .        c - +0 leather armour
rPois   +            h - +0 helmet
rElec   .            (no cloak)
rCorr   .            (no gloves)
SInv    +            (no barding)
Will    .....        (no amulet)
Stlth   ++           (no ring)
HPRegen 0.25/turn    (no ring)
MPRegen 0.08/turn

%: no passive effects
@: very slow
A: AC +1, large, see invisible, deformed body, poison resistance, slowness 2,
spit poison 1, naga tail 1
a: Spit Poison


You were on level 2 of the Dungeon.
You visited 1 branch of the dungeon, and saw 2 of its levels.

You collected 72 gold pieces.


Innate Abilities, Weirdness & Mutations

Your serpentine skin is tough. (AC +1)
You have supernaturally acute eyesight. (SInv)
Armour fits poorly on your strangely shaped body.
Your system is resistant to poisons. (rPois)
You cover ground very slowly.
You can spit poison.
You have a snake-like lower body.


   Skills:
 - Level 2.0 Fighting
 + Level 4.6 Ranged Weapons
 - Level 1.5 Dodging
 - Level 1.5 Stealth


You had 2 spell levels left.
You didn't know any spells.
Your spell library was empty.

Inventory:

Hand Weapons
 Y - a +0 shortbow (weapon)
Armour
 c - a +0 leather armour (worn)
 h - a +0 helmet (worn)
Jewellery
 a - a +5 ring of evasion
 b - a ring of fire
Scrolls
 e - a scroll of identify
Potions
 d - a potion of enlightenment {unknown}
 f - a potion of haste {unknown}
 g - a potion of degeneration {unknown}
 i - a potion of curing {unknown}
 k - a potion of cancellation {unknown}

Dungeon Overview and Level Annotations

Branches:
Dungeon (2/15)

Altars:


Message History

Enter note:
Enter note: You shoot an arrow.
The arrow hits the gnoll but does no damage.
The gnoll shouts!
You shoot an arrow.
The arrow hits the gnoll but does no damage.
A gnoll comes into view. It is wielding a +0 halberd.
859 ||| INVOKING Spit Poison.
Aiming: Spit Poison (2% risk of failure)
Press: ? - help, Shift-Dir - straight line, f/p - gnoll The splash of poison hits the gnoll.
The gnoll is poisoned.
The gnoll is lightly wounded.
The gnoll shouts!
You shoot an arrow.
The arrow hits the gnoll but does no damage.
The gnoll is lightly wounded.
You shoot an arrow. The arrow closely misses the gnoll.
A gnoll comes into view. It is wielding a +0 flail.
You shoot an arrow. The gnoll shouts!
The arrow hits the gnoll.
The gnoll is moderately wounded.
You have got your breath back.
The gnoll hits you from afar with a +0 spear. x2
863 ||| INVOKING Spit Poison.
Aiming: Spit Poison (2% risk of failure)
Press: ? - help, Shift-Dir - straight line, f/p - gnoll The splash of poison hits the gnoll.
The gnoll looks even sicker.
The gnoll is severely wounded.
The gnoll hits you from afar with a +0 spear.
The gnoll hits you from afar with a +0 halberd!
You shoot an arrow. The arrow hits the gnoll.
You kill the gnoll!
The gnoll completely misses you.
You shoot an arrow. The arrow hits the gnoll.
The gnoll is lightly wounded.
You have got your breath back.
The gnoll hits you from afar with a +0 halberd.
You die...

..........# ..####....#
.#.. .........##### ....
.# ##.###..###..##
...###.# ##.....###....#
#..<...#
#......##......##.g....#
#................)g....#
#......................##
#.......########@.......#
###...%........##........
#......................
#......................
........................
.................#.......
............).........(..
.........................
........................


You could see 2 gnolls.

Vanquished Creatures
  A gnoll (D:2)
  4 endoplasms
  4 giant cockroaches (D:1)
  A goblin (D:1)
  2 hobgoblins
  A quokka (D:1)
  4 ball pythons
  2 bats (D:1)
  A kobold (D:1)
  A rat (D:1)
21 creatures vanquished.

Notes
Turn   | Place    | Note
-------+----------+-------------------------------------------
     0 | D:1      | qw the Naga Hunter began the quest for the Orb.
     0 | D:1      | Reached XP level 1. HP: 19/19 MP: 1/1
     0 | D:1      | 0 ||| qw: Version: 0.2-a-123-gb51047a
     0 | D:1      | 0 ||| qw: Game counter: 3761
     0 | D:1      | 0 ||| qw: Always use a shield: true
     0 | D:1      | 0 ||| qw: God list: Okawaru
     0 | D:1      | 0 ||| qw: Allow faded altars: false
     0 | D:1      | 0 ||| qw: Do Orc after D:15 true
     0 | D:1      | 0 ||| qw: Do second Lair branch before Depths: true
     0 | D:1      | 0 ||| qw: Lair rune preference: random
     0 | D:1      | 0 ||| qw: Plans: Normal
     0 | D:1      | 0 ||| PLANNING D:1-11
    76 | D:1      | 76 ||| INVOKING Spit Poison.
   138 | D:1      | 138 ||| INVOKING Spit Poison.
   235 | D:1      | 235 ||| INVOKING Spit Poison.
   236 | D:1      | Reached skill level 4 in Ranged Weapons
   236 | D:1      | Reached XP level 2. HP: 26/26 MP: 2/2
   246 | D:1      | 246 ||| INVOKING Spit Poison.
   249 | D:1      | 249 ||| INVOKING Spit Poison.
   261 | D:1      | 261 ||| INVOKING Spit Poison.
   312 | D:1      | Found a faded altar of an unknown god.
   345 | D:1      | 345 ||| INVOKING Spit Poison.
   470 | D:1      | 470 ||| INVOKING Spit Poison.
   479 | D:1      | 479 ||| INVOKING Spit Poison.
   634 | D:1      | 634 ||| INVOKING Spit Poison.
   640 | D:1      | 640 ||| INVOKING Spit Poison.
   726 | D:1      | 726 ||| INVOKING Spit Poison.
   778 | D:1      | 778 ||| UPGRADING to +0 helmet.
   783 | D:1      | 783 ||| READING scroll labelled POCIRE UBBEGO.
   784 | D:1      | 784 ||| READING scroll labelled FEP OJAIKHLOKKA.
   785 | D:1      | 785 ||| READING scroll labelled UTZICK KIOKOYMEX.
   786 | D:1      | 786 ||| DRINKING 3 fizzy golden potions.
   787 | D:1      | 787 ||| DROPPING scroll of butterflies.
   788 | D:1      | 788 ||| DROPPING 2 potions of invisibility.
   810 | D:2      | 810 ||| INVOKING Spit Poison.
   825 | D:2      | 825 ||| INVOKING Spit Poison.
   846 | D:2      | Identified the +5 short sword of Tesei {elec, rF+ Stlth+}
   856 | D:2      | Reached XP level 3. HP: 32/32 MP: 3/3
   859 | D:2      | 859 ||| INVOKING Spit Poison.
   863 | D:2      | 863 ||| INVOKING Spit Poison.
   863 | D:2      | HP: 4/32 [gnoll/+0 halberd (14)]
   865 | D:2      | Slain by a gnoll

Levels and vault maps discovered:
D:1:      dpeg_arrival_pond, layout_loops_ring, shapermc_ecumenical_altar_ellora
D:2:      wad_woods_tower, layout_basic, minivault_19, dk_noncrumbling_4

Skill      XL: |  1 |
---------------+----+-----
Ranged Weapons | 4 |  4.6
Fighting       | |  2.0
Dodging        | |  1.5
Stealth        | |  1.5

Action                     || total
---------------------------++-------
   Fire: Shortbow          ||    45
Ability: Spit Poison       ||    16
    Use: Scroll            ||     3
         Potion            ||     1
 Armour: Leather armour    ||     5
  Dodge: Dodged            ||    12

Table legend:
 A = Non-vault XP
 B = Vault XP
 C = Vault XP percentage of total XP
 D = Non-vault monster count
 E = Vault monster count
 F = Vault count percentage of total count
                 A         B        C        D         E       F
            +---------+---------+-------+---------+---------+-------
      Total |      48 |       0 |   0.0 |      21 |       0 |   0.0
            +---------+---------+-------+---------+---------+-------
        D:1 |      29 |       0 |   0.0 |      17 |       0 |   0.0
        D:2 |      19 |       0 |   0.0 |       4 |       0 |   0.0
            +---------+---------+-------+---------+---------+-------
